 Dungeon Crawl Stone Soup version 0.29.0-11-gd7f09526c8 (webtiles) character file.

Game seed: 6628087475683846940

1079 xian the Thaumaturge (level 8, -7/42 HPs)
             Began as a Deep Elf Conjurer on Sept 5, 2022.
             Mangled by Duvessa
             ... wielding a +0 short sword
              (14 damage)
             ... on level 5 of the Dungeon.
             The game lasted 00:08:54 (4799 turns).

xian the Thaumaturge (Deep Elf Conjurer)            Turns: 4799, Time: 00:08:55

Health: -7/42      AC:  4    Str:  4    XL:     8   Next: 8%
Magic:  20/31      EV: 27    Int: 26    God:
Gold:   238        SH:  0    Dex: 13    Spells: 21/24 levels left

rFire   . . .      SeeInvis .   z - staff of conjuration
rCold   . . .      Faith    .   (no shield)
rNeg    . . .      Spirit   .   a - +0 robe
rPois   .          Reflect  .   (no helmet)
rElec   .          Harm     .   y - +0 cloak
rCorr   +          Rampage  .   d - +0 pair of gloves
Will    .....                   (no boots)
Stlth   +++.......              j - amulet of the acrobat
HPRegen 0.14/turn               g - ring of resist corrosion
MPRegen 0.22/turn               G - ring of magical power

@: acrobatic
A: no striking features
a: no special abilities


You were on level 5 of the Dungeon.
You visited 1 branch of the dungeon, and saw 5 of its levels.

You collected 238 gold pieces.

Inventory:

Hand Weapons
 F - a +3 quarterstaff of chaos
Armour
 a - a +0 robe (worn)
 d - a +0 pair of gloves (worn)
 y - a +0 cloak (worn)
Magical Staves
 z - a staff of conjuration (weapon)
Jewellery
 g - a ring of resist corrosion (left hand)
 j - an amulet of the acrobat (around neck)
 G - a ring of magical power (right hand)
Wands
 v - a wand of mindburst (16)
 D - a wand of polymorph (5)
 E - a wand of paralysis (11)
Scrolls
 c - a scroll of vulnerability
 e - 2 scrolls of poison {unknown}
 f - a scroll of blinking
 i - a scroll of summoning
 k - a scroll of amnesia
 u - 6 scrolls of teleportation {unknown}
 w - a scroll of fear {unknown}
 x - a scroll of magic mapping {unknown}
 A - 2 scrolls of brand weapon {unknown}
 B - a scroll of immolation {unknown}
 C - a scroll of fog {unknown}
 H - a scroll of enchant weapon {unknown}
Potions
 b - 3 potions of magic
 l - 3 potions of brilliance
 m - 5 potions of curing
 n - 2 potions of mutation {unknown}
 o - a potion of lignification {unknown}
 p - a potion of might {unknown}
 q - 3 potions of attraction
 r - a potion of ambrosia {unknown}
 s - a potion of flight {unknown}
 t - 2 potions of berserk rage {unknown}


   Skills:
 + Level 0.7 Fighting
 + Level 2.9 Dodging
 + Level 4.8 Stealth
 + Level 8.5 Spellcasting
 + Level 8.1 Conjurations


You had 21 spell levels left.
You knew the following spells:

 Your Spells              Type           Power      Damage    Failure   Level
a - Magic Dart            Conj           100%       1d8       1%          1
b - Searing Ray           Conj           100%       2d8       1%          2

Your spell library contained the following spells:

 Spells                   Type           Power      Damage    Failure   Level
 Dazzling Flash           Conj/Hex       96%        N/A       3%          3
 Apportation              Tloc           22%        N/A       5%          1
 Fulminant Prism          Conj/Hex       24%        3d13      10%         4
 Iskenderun's Mystic Bla  Conj/Tloc      48%        2d11      10%         4
 Gell's Gravitas          Tloc           11%        N/A       16%         3
 Teleport Other           Tloc           11%        N/A       16%         3
 Dispersal                Tloc           5%         N/A       100%        6


Dungeon Overview and Level Annotations

Branches:
Dungeon (5/15)
 Temple: D:4-7

Altars:
Trog

Shops:
D:1 =

Annotations:
D:5 Duvessa


Message History

Casting: Searing Ray (safe; 1% risk of failure)
Confirm with . or Enter, or press ? or * to list all spells.
Aiming: Searing Ray (safe; 1% risk of failure)
Press: ? - help, Shift-Dir - straight line, p - Duvessa You can't see that place. [the floor.]
Okay, then.
The iguana attacks as you move away! The iguana misses you.
Duvessa hits you with a +0 short sword!
* * * LOW HITPOINT WARNING * * *
The iguana attacks as you move away! The iguana bites you.
* * * LOW HITPOINT WARNING * * *
You feel much better. Duvessa hits you with a +0 short sword.
Duvessa hits you with a +0 short sword!
* * * LOW HITPOINT WARNING * * *
Duvessa rages.
Duvessa hits you with a +0 short sword.
* * * LOW HITPOINT WARNING * * *
You feel much better. Duvessa hits you but does no damage.
Casting: Searing Ray (safe; 1% risk of failure)
Confirm with . or Enter, or press ? or * to list all spells.
Aiming: Searing Ray (safe; 1% risk of failure)
Press: ? - help, Shift-Dir - straight line, f/p - Duvessa
Aim: Duvessa, wielding a +0 short sword and wearing a +0 leather armour (moderately wounded, berserk, 85% to hit)
You feel a surge of power!
The searing ray hits Duvessa.
Duvessa is moderately wounded. (Press . to maintain the ray.) Duvessa closely misses you.
Duvessa hits you with a +0 short sword.
The searing ray hits Duvessa.
Duvessa is heavily wounded.
The searing ray hits the iguana.
The iguana is lightly wounded.
Duvessa completely misses you.
Unknown command.
The searing ray hits Duvessa.
Duvessa is heavily wounded.
Duvessa hits you with a +0 short sword!
* * * LOW HITPOINT WARNING * * *
Duvessa hits you with a +0 short sword!
You die...

#.#........ #.#...$....
............
#.#.)........
#.#?...†.....
#.#..........
#.#..........
#####@#..........
#...le#..........
#..............#
#.....###.####.# .
.................# #
.........##.###### ###
.# ...........##.# ..
..................##
####.#................#


You could see Duvessa (berserk) and an iguana.

Vanquished Creatures
  Grinder (D:4)
  Eustachio (D:4)
  Menkaure (D:5)
  A phantom (D:4)
  A kobold brigand (D:5)
  A scorpion (D:5)
  Dowan (D:5)
  A hound (D:4)
  An orc priest (D:3)
  Crazy Yiuf (D:4)
  A gnoll bouda (D:5)
  Ijyb (D:5)
  2 iguanas (D:5)
  6 adders
  3 gnolls (D:5)
  2 worms
  3 dart slugs
  6 orcs
  8 ball pythons
  9 endoplasms
  5 giant cockroaches
  3 goblins
  14 hobgoblins
  2 jackals (D:2)
  11 kobolds
  3 quokkas (D:1)
  2 bats
  A frilled lizard (D:3)
  6 rats
98 creatures vanquished.

Vanquished Creatures (others)
  2 plants
2 creatures vanquished.

Grand Total: 100 creatures vanquished

Notes
Turn   | Place    | Note
-------+----------+-------------------------------------------
     0 | D:1      | xian the Deep Elf Conjurer began the quest for the Orb.
     0 | D:1      | Reached XP level 1. HP: 10/10 MP: 6/6
   360 | D:1      | Reached XP level 2. HP: 15/15 MP: 4/8
   363 | D:1      | Learned a level 2 spell: Searing Ray
   447 | D:1      | Reached skill level 5 in Conjurations
   561 | D:1      | Found Tiga's Jewellery Shoppe.
   838 | D:1      | Reached XP level 3. HP: 19/19 MP: 3/9
  1476 | D:2      | Reached XP level 4. HP: 22/24 MP: 1/11
  1661 | D:2      | Found a faded altar of an unknown god.
  1670 | D:2      | Got Plato's Opusculum on the Compass
  1689 | D:2      | Found a bloodstained altar of Trog.
  3182 | D:4      | Noticed Grinder
  3184 | D:4      | Paralysed by Grinder for 5 turns
  3251 | D:4      | Killed Grinder
  3252 | D:4      | Reached skill level 5 in Spellcasting
  3252 | D:4      | Reached XP level 5. HP: 26/28 MP: 6/15
  3252 | D:4      | Reached XP level 6. HP: 31/33 MP: 6/16
  3505 | D:4      | Found a runed translucent door.
  3506 | D:4      | Noticed Crazy Yiuf
  3513 | D:4      | Killed Crazy Yiuf
  3566 | D:4      | Noticed Eustachio
  3573 | D:4      | Killed Eustachio
  3574 | D:4      | Reached XP level 7. HP: 37/37 MP: 12/19
  3997 | D:5      | Entered Level 5 of the Dungeon
  4009 | D:5      | Noticed Menkaure
  4016 | D:5      | Killed Menkaure
  4187 | D:5      | Noticed Ijyb
  4189 | D:5      | Paralysed by Ijyb for 4 turns
  4197 | D:5      | Killed Ijyb
  4510 | D:5      | Reached XP level 8. HP: 29/42 MP: 22/22
  4778 | D:5      | Noticed Dowan
  4780 | D:5      | Noticed Duvessa
  4782 | D:5      | Killed Dowan
  4799 | D:5      | Mangled by Duvessa

Illustrated notes

Levels and vault maps discovered:
D:1:      minmay_arrival_solitary_statue, layout_basic, serial_shops,
          nicolae_square_shop, minmay_misc_feat_pillars, serial_bayou_crossing
D:2:      layout_rooms, shapermc_ecumenical_altar_rom_forum, basic_altar
D:3:      layout_loops_corners, serial_park_tiny_1
D:4:      layout_cave_pools, uniq_crazy_yiuf_cottage, uniq_eustachio,
          uniq_grinder
D:5:      layout_basic, uniq_ijyb, uniq_duvessa, uniq_menkaure

Skill      XL: |  1  2  3  4  5  6  7 |
---------------+----------------------+-----
Conjurations   | 5 6 7 8 |  8.1
Spellcasting   | 5 6 8 |  8.5
Stealth        | 3 4 |  4.8
Fighting       | |  0.7
Dodging        | |  2.9

Action                   |  1- 3 |  4- 6 |  7- 9 || total
-------------------------+-------+-------+-------++-------
Melee: Unarmed           |     2 |       |       ||     2
       Club              |     1 |       |       ||     1
       Staff             |       |     6 |     1 ||     7
 Cast: Magic Dart        |    77 |    68 |    52 ||   197
       Searing Ray       |     2 |     7 |    12 ||    21
  Use: Scroll            |     4 |     5 |       ||     9
       Potion            |       |       |     2 ||     2
Armor: Robe              |     4 |     2 |     4 ||    10
Dodge: Dodged            |     8 |     9 |    21 ||    38
